 Dungeon Crawl Stone Soup version 0.29.1-15-g9cfb28693d (webtiles) character file.

Game seed: 7299442582448163565

248 hawla the Chiller (level 6, -6/45 HPs)
             Began as a Meteoran Ice Elementalist on Apr 3, 2023.
             Killed from afar by an orc (20 damage)
             ... with a bolt of dispelling energy
             ... on level 4 of the Dungeon.
             The game lasted 00:09:38 (1698 turns).

hawla the Chiller (Meteoran Ice Elementalist)       Turns: 1698, Time: 00:09:39

Health: -6/45      AC:  2    Str: 10    XL:     6   Next: 61%
Magic:  2/13       EV: 12    Int: 19    God:
Gold:   157        SH:  0    Dex: 14    Spells: 5/13 levels left

rFire   . . .      SeeInvis .   e - +0 rapier
rCold   . . .      Faith    .   (no shield)
rNeg    . . .      Spirit   .   a - +0 robe
rPois   .          Reflect  .   (no helmet)
rElec   .          Harm     .   (no cloak)
rCorr   .          Rampage  .   (no gloves)
Will    .....                   (no boots)
Stlth   +.........              (no amulet)
HPRegen 0.15/turn               (no ring)
MPRegen 0.13/turn               (no ring)

@: glowing
A: sense surroundings 1, otherworldly, glowing, explore regen
a: no special abilities


You were on level 4 of the Dungeon.
You visited 1 branch of the dungeon, and saw 4 of its levels.

You collected 157 gold pieces.

Inventory:

Hand Weapons
 e - a +0 rapier (weapon)
Armour
 a - a +0 robe (worn)
Scrolls
 g - a scroll of fog {unknown}
 h - a scroll of brand weapon {unknown}
 k - a scroll of enchant weapon {unknown}
Potions
 j - a potion of brilliance {unknown}
 m - a potion of haste {unknown}


   Skills:
 + Level 0.2 Fighting
 + Level 0.3 Short Blades
 + Level 2.7 Dodging
 - Level 1.4 Stealth
 + Level 4.0 Spellcasting
 + Level 5.1 Conjurations
 + Level 5.2 Ice Magic


You had 5 spell levels left.
You knew the following spells:

 Your Spells              Type           Power      Damage    Failure   Level
a - Freeze                Ice            92%        1d10      1%          1
b - Frozen Ramparts       Ice            46%        1d7       4%          3
c - Hailstorm             Conj/Ice       23%        3d7       16%         4

Your spell library contained the following spells:

 Spells                   Type           Power      Damage    Failure   Level
 Ozocubu's Armour         Ice            23%        N/A       4%          3


Dungeon Overview and Level Annotations

Branches:
Dungeon (4/15) Zot: 680
 Temple: D:4-7

Altars:

Annotations:
D:3 Calibrex's ghost, amateur MiFi


Innate Abilities, Weirdness & Mutations

You passively map a small area around you.
You are easily found by Zot.
You glow in the dark.
You regain HP and MP as you explore.


Message History

The ufetubus is almost dead.
The giant cockroach closely misses you. The ufetubus hits you. x2
The ufetubus misses you. The ufetubus barely misses you.
The giant cockroach bites you but does no damage.
Casting: Freeze (safe; 1% risk of failure)
Confirm with . or Enter, or press ? or * to list all spells.
Aiming: Freeze (safe; 1% risk of failure)
Press: ? - help, Shift-Dir - straight line, f/p - ufetubus
Aim: an ufetubus (almost dead)
You freeze the ufetubus.
The ufetubus resists.
You kill the ufetubus!
The giant cockroach closely misses you.
Unknown command.
Casting: Freeze (safe; 1% risk of failure)
Confirm with . or Enter, or press ? or * to list all spells.
Aiming: Freeze (safe; 1% risk of failure)
Press: ? - help, Shift-Dir - straight line, f - giant cockroach
Aim: a giant cockroach You freeze the giant cockroach.
The giant cockroach is almost dead.
The giant cockroach barely misses you.
A hobgoblin comes into view.
The orc closely misses you.
Casting: Freeze (safe; 1% risk of failure)
Confirm with . or Enter, or press ? or * to list all spells.
Aiming: Freeze (safe; 1% risk of failure)
Press: ? - help, Shift-Dir - straight line, f/p - giant cockroach
Aim: a giant cockroach (almost dead)
You freeze the giant cockroach.
You kill the giant cockroach!
The hobgoblin shouts!
The orc hits you with a +0 whip of venom.
You are poisoned.
It was a potion of curing.
You feel better. The orc barely misses you. The orc hits you with a +0 flail.
As you read the scroll labelled CEOHEKUFRA, it crumbles to dust.
Your body is wracked with pain!
The orc convulses! x2; The goblin convulses!
The hobgoblin convulses!
It was a scroll of torment.
The orc zaps a wand.
The bolt of dispelling energy hits you!!
You die...

)...## .# ###..#####
#.####### * *
##))...#######........
,
#####.<)..†...$......
, , #######..........
* *######........... ,
,,, .................
, , , *
$.......)........ ,
>........@....... ~ *
* ##.......oo...... ,
#..<....g.......
#............... ,
#...............
#............g.. , *
#...)...........
............... * ,,,


You could see 2 orcs, a hobgoblin and a goblin.

Vanquished Creatures
  An orc priest (D:4)
  An orc wizard (D:4)
  Robin (D:3)
  5 adders
  4 gnolls (D:2)
  An ufetubus (D:4)
  3 worms
  9 orcs
  5 ball pythons
  2 bats
  An endoplasm (D:4)
  7 giant cockroaches
  12 goblins
  7 hobgoblins
  4 jackals (D:2)
  6 kobolds
  3 quokkas
  3 frilled lizards (D:2)
  2 rats
77 creatures vanquished.

Notes
Turn   | Place    | Note
-------+----------+-------------------------------------------
     0 | D:1      | hawla the Meteoran Ice Elementalist began the quest for the
                  | Orb.
     0 | D:1      | Reached XP level 1. HP: 14/14 MP: 5/5
    97 | D:2      | Reached XP level 2. HP: 15/20 MP: 6/6
   120 | D:2      | Reached XP level 3. HP: 20/26 MP: 5/8
   124 | D:2      | Learned a level 3 spell: Frozen Ramparts
   161 | D:2      | Reached skill level 5 in Ice Magic
   261 | D:3      | Noticed Robin
   301 | D:2      | Reached XP level 4. HP: 9/33 MP: 3/10
   306 | D:2      | Learned a level 4 spell: Hailstorm
   523 | D:2      | Reached skill level 1 in Conjurations
   532 | D:2      | Reached XP level 5. HP: 35/38 MP: 1/11
   542 | D:3      | Noticed Calibrex's ghost (amateur MiFi)
   542 | D:3      | Found a runed translucent door.
   766 | D:3      | Killed Robin
  1344 | D:2      | Reached XP level 6. HP: 45/45 MP: 6/12
  1627 | D:4      | HP: 1/45 [adder (3)]
  1631 | D:4      | Reached skill level 5 in Conjurations
  1698 | D:4      | Killed from afar by an orc

Illustrated notes

Levels and vault maps discovered:
D:1:      sevenhm_arrival_forest_fort_small_4, layout_basic,
          dilly_ecumenical_altar_fadedgnrine, grunt_decor_mini_mirrors,
          minmay_octomino_j4
D:2:      wad_pebble_path, layout_loops_corners
D:3:      layout_rooms, hellmonk_ghost_happy_afterlife, uniq_robin
D:4:      layout_basic, minmay_temple_entry_hall, serial_shops,
          nicolae_shop_hallway_stairs

Skill      XL: |  1  2  3  4  5  6 |
---------------+-------------------+-----
Spellcasting   | 3 4 |  4.0
Ice Magic      | 5 |  5.2
Conjurations   | 2 4 5 |  5.1
Fighting       | |  0.2
Short Blades   | |  0.3
Dodging        | |  2.7
Stealth        | |  1.4

Action                   |  1- 3 |  4- 6 || total
-------------------------+-------+-------++-------
Melee: Unarmed           |     9 |       ||     9
       Rapier            |     3 |    79 ||    82
 Cast: Freeze            |    22 |    38 ||    60
       Frozen Ramparts   |     3 |    10 ||    13
       Hailstorm         |       |     7 ||     7
  Use: Potion            |     2 |     3 ||     5
       Scroll            |       |     7 ||     7
Armor: Robe              |     8 |    33 ||    41
       Skin              |       |    10 ||    10
Dodge: Dodged            |    22 |    92 ||   114
